 Dungeon Crawl Stone Soup version 0.28-a0-983-g1de4e0787c (webtiles) character file.

Game seed: 9041691196046832637

32 Decritt the Skirmisher (level 3, -11/24 HPs)
             Began as a Gargoyle Fighter on Dec 3, 2021.
             Killed by divine providence
             ... invoked by an orc priest
              (15 damage)
             ... on level 2 of the Dungeon.
             The game lasted 00:01:52 (1335 turns).

Decritt the Skirmisher (Gargoyle Fighter)           Turns: 1335, Time: 00:01:53

Health: -11/24     AC: 11    Str: 21    XL:     3   Next: 25%
Magic:  3/3        EV:  9    Int:  8    God:
Gold:   61         SH:  4    Dex:  9    Spells: 2/2 levels left

rFire   . . .      SeeInvis .   a - +0 flail
rCold   . . .      Faith    .   c - +0 buckler
rNeg    + . .      Spirit   .   b - +0 scale mail
rPois   ∞          Reflect  .   (no helmet)
rElec   +          Harm     .   (no cloak)
rCorr   .          Rampage  .   m - +0 pair of gloves
Will    .....                   (no boots)
Stlth   ..........              (no amulet)
HPRegen 0.08/turn               (no ring)
MPRegen 0.08/turn               (no ring)

@: no status effects
A: sickness immunity, AC +3, negative energy resistance 1, electricity
resistance, torment resistance 1, petrification resistance
a: no special abilities


You were on level 2 of the Dungeon.
You visited 1 branch of the dungeon, and saw 2 of its levels.

You collected 61 gold pieces.

Inventory:

Hand Weapons
 a - a +0 flail (weapon)
Armour
 b - a +0 scale mail (worn)
 c - a +0 buckler (worn)
 m - a +0 pair of gloves (worn)
Scrolls
 e - a scroll of summoning {unknown}
 i - a scroll of immolation {unknown}
 j - 3 scrolls of fog {unknown}
 k - 3 scrolls of identify {unknown}
 l - a scroll of enchant weapon {unknown}
 n - a scroll of magic mapping {unknown}
 o - a scroll of vulnerability {unknown}
Potions
 d - a potion of might
 g - a potion of flight {unknown}
 h - a potion of invisibility {unknown}


   Skills:
 * Level 3.8 Fighting
 * Level 2.6 Maces & Flails
 + Level 3.5 Armour
 + Level 3.5 Shields


You had 2 spell levels left.
You didn't know any spells.
Your spell library contained the following spells:

 Spells                   Type           Power      Damage    Failure   Level
 Slow                     Hex            0%         N/A       77%         1
 Confusing Touch          Hex            0%         N/A       98%         3
 Vampiric Draining        Necr           0%         2d6       98%         3


Dungeon Overview and Level Annotations

Branches:
Dungeon (2/15)

Altars:


Innate Abilities, Weirdness & Mutations

You are immune to sickness and miasma.
Your stone body is resilient. (AC +3)
You are immune to poison.
You resist negative energy. (rN+)
You are resistant to electric shocks. (rElec)
You are resistant to unholy torment.
You are immune to petrification.


Message History

f - 3 poisoned darts (gained 1)
Found a stone staircase leading down and a stone staircase leading up.
There is a stone staircase leading down here.
There is a stone staircase leading up here.
You now have 61 gold pieces (gained 8).
You open the door.
There is an open door here.
There is an open door here.
An orc comes into view. It is wielding a +0 falchion.
The orc shouts!
An orc comes into view. It is wielding a +0 dagger.
There are monsters nearby!
You throw a poisoned dart.
The poisoned dart closely misses the orc.
The orc shouts!
An orc priest comes into view. It is wielding a +0 club.
You throw a poisoned dart. The poisoned dart hits the orc.
The orc is poisoned.
An orc wizard comes into view. It is wielding a +0 dagger.
You throw a poisoned dart.
The poisoned dart barely misses the orc.
The poisoned dart hits the orc.
The orc is poisoned.
The orc wizard shouts!
An orc wizard comes into view. It is wielding a +0 dagger.
The orc wizard shouts!
The orc wizard casts a spell.
The orc wizard flickers and vanishes!
Deactivating autopickup; reactivate with Ctrl-A.
The orc hits you with a +0 falchion.
You hit the orc but do no damage.
The orc is severely wounded.
You kill the orc!
The orc priest calls down the wrath of Beogh upon you.
Beogh smites you!
Ouch! That really hurt!
* * * LOW HITPOINT WARNING * * *
The orc looks more healthy.
The orc priest mumbles some strange prayers to Beogh against you.
Beogh smites you!
Ouch! That really hurt!
You die...

.(# #{# #o# #o# #)# #.# #o#
#.# #@# ######.## #.....#.#
#########.###...######.....
#....>.<..##...............
#.###########...######....
#.# ##.## ... #.# #.# #.#
#.# #.# #.#


You could see an orc priest, an orc wizard and an orc.

Vanquished Creatures
  2 dart slugs
  An orc (D:2)
  2 ball pythons (D:1)
  2 endoplasms (D:1)
  5 goblins (D:1)
  2 hobgoblins (D:1)
  5 bats
  3 kobolds (D:1)
  4 rats
26 creatures vanquished.

Notes
Turn   | Place    | Note
-------+----------+-------------------------------------------
     0 | D:1      | Decritt the Gargoyle Fighter began the quest for the Orb.
     0 | D:1      | Reached XP level 1. HP: 14/14 MP: 1/1
   157 | D:1      | Reached XP level 2. HP: 19/19 MP: 2/2
   465 | D:1      | Reached XP level 3. HP: 24/24 MP: 3/3
  1335 | D:2      | Killed from afar by an orc priest

Illustrated notes

Levels and vault maps discovered:
D:1:      lemuel_arrival_hallway, layout_basic
D:2:      layout_loops_corners

Action                   || total
-------------------------++-------
Melee: Flail             ||    57
Throw: Dart              ||    69
Armor: Scale mail        ||    28
Dodge: Dodged            ||    33
Block: Buckler           ||    11

Table legend: (Time is in decaauts)
 A = Elapsed time spent in this place.
 B = Non-inter-level travel time spent in this place.
 C = Inter-level travel time spent in this place.
 D = Time resting spent in this place.
 E = Time spent auto-exploring this place.
 F = Levels seen in this place.
 G = Mean time per level.
                   A        B        C        D        E       F      G
               +--------+--------+--------+--------+--------+-----+--------+
         Total |   1353 |   1347 |      6 |      0 |   1114 |   2 |  676.5 |
       Dungeon |   1353 |   1347 |      6 |      0 |   1114 |   2 |  676.5 |
               +--------+--------+--------+--------+--------+-----+--------+

Top non-repeatable levels by time:
     D:1: 764 daAuts
     D:2: 588 daAuts
